[Event "Early-Titled-Tuesday-Blitz-January-30-2024"]
[Site "Chess.com"]
[Date "2024.01.30"]
[Round "11"]
[White "jjlai1111"]
[Black "Nouali_Mohamed"]
[Result "0-1"]
[WhiteElo "2325"]
[BlackElo "2497"]
[TimeControl "180+1"]
[EndTime "10:11:21 PST"]
[Termination "Nouali_Mohamed won by resignation"]

1. d4 Nf6 2. c4 g6 3. Nc3 Bg7 4.
e4 d6 5. Nf3 O-O 6. Be2 c5 7.
O-O cxd4 8. Nxd4 Nc6 9. Be3 Nxd4 10. Bxd4 Be6 11. f3 Qa5 12. Nd5 Bxd5 13. cxd5 Rfc8 14. Bc3 Qb6+ 15. Kh1 Nd7 16. Qd2 Bxc3 17. bxc3 Qa5 18. Rac1 Rc7 19. f4 Rac8 20. Rf3 Nc5 21. f5 Nxe4 22.
Qh6 Nf6 23. fxg6 fxg6 24. Rcf1 Qxd5 25. Bd3 Qf7 26. c4 Qg7 27. Qe3 Rc5 28. Qe6+ Qf7 29.
Qe3 b6 30. Qd4 Qe6 31. Re3 Re5 32. Rg3 Kg7 33. Qf4 Nh5 0-1

[Event "Early-Titled-Tuesday-Blitz-January-30-2024"]
[Site "Chess.com"]
[Date "2024.01.30"]
[Round "11"]
[White "PetrolulSah"]
[Black "Maftuna2303"]
[Result "0-1"]
[WhiteElo "2212"]
[BlackElo "2436"]
[TimeControl "180+1"]
[EndTime "10:11:21 PST"]
[Termination "Maftuna2303 won by resignation"]

1. d4 Nf6 2. c4 e6 3. Nf3 b6 4. a3 Bb7 5. Nc3 Be7 6. d5 O-O 7. e4 d6 8. Be2 Nbd7 9. dxe6 fxe6 10. Ng5 Nc5 11. b4 h6 12. bxc5 hxg5 13. cxd6 cxd6 14. e5 dxe5 15. Bxg5 Bxg2 16. Rg1 Qxd1+ 17. Rxd1 Bc6 18.
Bh6 Rf7 19. Nb5 Bxa3 20. Nd6 Rd7 21. Nb5 Bb4+ 22. Kf1 Rf7 23. Nd6 Re7 24. Rg6 Rf8 25. c5 Bxc5 26. Bc4 Nd5 27. Ne4 Bd4 28. Bg5 Ref7 29.
Rxe6 Bb7 30. Ke2 Kh8 31. Rg1 Nc3+ 32. Nxc3 Rxf2+ 33. Kd3 R8f3+ 0-1

[Event "Early-Titled-Tuesday-Blitz-January-30-2024"]
[Site "Chess.com"]
[Date "2024.01.30"]
[Round "11"]
[White "Susal_De_Silva"]
[Black "Binary010"]
[Result "1-0"]
[WhiteElo "2791"]
[BlackElo "2908"]
[TimeControl "180+1"]
[EndTime "10:11:24 PST"]
[Termination "Susal_De_Silva won on time"]

1. e4 c5 2. Nf3 d6 3. Bb5+ Bd7 4. Bxd7+ Qxd7 5. c4 Nc6 6. Nc3 e5 7. O-O g6 8. a3 Bg7 9. Rb1 Nge7 10. b4 O-O 11. d3 b6 12. Ne1 f5 13. Nc2 Nd4 14. Nxd4 exd4 15. Nd5 fxe4 16. dxe4 Nc6 17. f4 Rae8 18. Qd3 g5 19. b5 Ne7 20. Bd2 Nxd5 21. exd5 Qg4 22. fxg5 Re2 23. Rxf8+ Bxf8 24. g3 Bg7 25.
Rf1 Qe4 26. Qxe4 Rxe4 27. Re1 Rxe1+ 28. Bxe1 Kf7 29. Kf2 Kg6 30. h4 Kf5 31. Kf3 Be5 32.
g4+ Kg6 33. Bd2 Bh2 34. h5+ Kf7 35. Ke4 Be5 36. a4 Bg3 37. a5 Bf2 38. axb6 axb6 39. Ba5 1-0

[Event "Early-Titled-Tuesday-Blitz-January-30-2024"]
[Site "Chess.com"]
[Date "2024.01.30"]
[Round "11"]
[White "Al_Shima"]
[Black "AttilaTurzo"]
[Result "1-0"]
[WhiteElo "2370"]
[BlackElo "2474"]
[TimeControl "180+1"]
[EndTime "10:11:29 PST"]
[Termination "Al_Shima won by resignation"]

1. d4 d5 2. Nc3 Nf6 3. Bf4 Bf5 4. e3 e6 5. f3 c5 6. g4 Bg6 7. h4 cxd4 8. exd4 h5 9. g5 Nfd7 10. Bd3 Bxd3 11. Qxd3 g6 12. O-O-O a6 13. Re1 Bg7 14. Nxd5 O-O 15. Bc7 Qe8 16. Bd6 Nc6 17. Nc7 Qc8 18.
Nxa8 Qxa8 19. Bxf8 Qxf8 20. Ne2 Nb6 21. a3 Qd6 22. Rd1 Qd5 23. Nc3 Qf5 24. Qxf5 gxf5 25.
d5 exd5 26. Nxd5 Nc4 27. c3 Be5 28. f4 Bg7 29. Rhe1 Kh7 30. Ne7 N6a5 31. Nxf5 Kg6 32. Nxg7 Kxg7 33. f5 Nb3+ 34. Kc2 Nc5 35. Rd4 b5 36. b3 Nb6 37. Rd6 Nbd7 38. Re7 Nf8 39. g6 Kg8 40. Rxf7 Ne4 41. Rd8 1-0

[Event "Early-Titled-Tuesday-Blitz-January-30-2024"]
[Site "Chess.com"]
[Date "2024.01.30"]
[Round "11"]
[White "Lion-Al-Messi"]
[Black "ContrVersia"]
[Result "0-1"]
[WhiteElo "2596"]
[BlackElo "2847"]
[TimeControl "180+1"]
[EndTime "10:11:31 PST"]
[Termination "ContrVersia won by resignation"]

1. e4 c5 2. Nf3 a6 3. c3 d5 4. e5 Nc6 5. d4 cxd4 6. cxd4 Bg4 7. Be2 e6 8. Nbd2 Nge7 9. h3 Bh5 10. O-O Qb6 11. g4 Bg6 12. Nb3 h5 13. Be3 hxg4 14.
hxg4 Be4 15. Nbd2 Bg6 16. Qb3 Nc8 17. Qxb6 Nxb6 18. a3 Na4 19. Ra2 Be7 20. Rc1 Kd7 21.
b3 Nb6 22. b4 Rac8 23. Nb3 Be4 24. Nc5+ Bxc5 25. bxc5 Nc4 26. Nh2 Rh3 27. Bxc4 dxc4 28. f3 Bxf3 29. Rf2 Bd5 30. Rxf7+ Ke8 31. Rxg7 Rxe3 32.
Rf1 Rg3+ 33. Kf2 Rg2+ 34. Ke3 Rxh2 35. Rff7 Rh8 36. Rxb7 Nd8 37. Ra7 Kf8 38. g5 c3 39.
g6 c2 40. Kd2 Rh2+ 41. Kc1 Rb8 42. Rgf7+ Nxf7 43. Rxf7+ Kg8 44. Rg7+ Kxg7 45. a4 0-1

[Event "Early-Titled-Tuesday-Blitz-January-30-2024"]
[Site "Chess.com"]
[Date "2024.01.30"]
[Round "11"]
[White "Heinza9"]
[Black "Mohamed-almado"]
[Result "0-1"]
[WhiteElo "2279"]
[BlackElo "2269"]
[TimeControl "180+1"]
[EndTime "10:11:31 PST"]
[Termination "Mohamed-almado won by checkmate"]

1. e4 e5 2. Nf3 Nf6 3. Nc3 Nc6 4. d4 exd4 5. Nd5 Be7 6. Nxd4 Nxe4 7. Nb5 Bd6 8. Bd3 O-O 9. Bxe4 Re8 10. Nxd6 cxd6 11. O-O Rxe4 12. Qd3 Re6 13. Bf4 b6 14. Ne3 Ne5 15.
Qd5 Ba6 16. Rfd1 Re7 17. Nf5 Re6 18. Nxd6 Nc6 19. c3 Ne7 20. Qf3 Nc6 21. Nxf7 Kxf7 22. Bg5+ Rf6 23. Bxf6 Qxf6 24. Rxd7+ Kg8 25. Qd5+ Kh8 26.
Rd6 Qe7 27. Qxc6 Re8 28. h3 Bb7 29. Qd7 Qe4 30. f3 Qe3+ 31. Kh1 Bxf3 32. Rf1 Ba8 33. Qf7 Qxh3+ 34. Kg1 Qxg2# 0-1

[Event "Early-Titled-Tuesday-Blitz-January-30-2024"]
[Site "Chess.com"]
[Date "2024.01.30"]
[Round "11"]
[White "mbchess97"]
[Black "Vsevolod_Ovchinnikov"]
[Result "0-1"]
[WhiteElo "2432"]
[BlackElo "2652"]
[TimeControl "180+1"]
[EndTime "10:11:32 PST"]
[Termination "Vsevolod_Ovchinnikov won by resignation"]

1. c4 Nf6 2. g3 d5 3. Bg2 dxc4 4.
Qa4+ c6 5. Qxc4 Be6 6. Qc2 g6 7.
Nf3 Bg7 8. O-O O-O 9. d4 Nbd7 10.
Nc3 Bg4 11. h3 Bxf3 12. exf3 Nb6 13. f4 Qxd4 14. f5 Rad8 15. fxg6 hxg6 16. Be3 Qd3 17. Qb3 Qc4 18. Bxb6 Qxb3 19. axb3 axb6 20. Ra7 Rb8 21. Na4 Nd7 22. Rd1 Rfd8 23. b4 e6 24. b5 cxb5 25. Nc3 b4 26. Nb5 Nc5 27. Rxd8+ Rxd8 28. Bxb7 Bxb2 29. Bf3 b3 30. Kg2 Bd4 31. Nxd4 Rxd4 32. Ra8+ Kg7 33. Rb8 Rb4 0-1

[Event "Early-Titled-Tuesday-Blitz-January-30-2024"]
[Site "Chess.com"]
[Date "2024.01.30"]
[Round "11"]
[White "giovannibrandao7"]
[Black "GMT4114"]
[Result "1-0"]
[WhiteElo "2128"]
[BlackElo "1938"]
[TimeControl "180+1"]
[EndTime "10:11:33 PST"]
[Termination "giovannibrandao7 won by resignation"]

1. e4 e6 2. d4 d5 3. Nd2 h6 4. exd5 exd5 5. Ngf3 Nf6 6. Bd3 c5 7.
dxc5 Bxc5 8. O-O O-O 9. c3 Bg4 10. h3 Be6 11. Nb3 Bb6 12. Bf4 Nc6 13. Qd2 Nh5 14.
Bxh6 gxh6 15. Qxh6 Nf6 16. Ng5 Ne5 17. Bh7+ Kh8 18. Bf5+ Kg8 19. Nh7 Ng6 20. Bxg6 fxg6 21. Qxg6+ Kh8 22. Nxf8 Qxf8 23. Rae1 Re8 24. Nd4 Bxd4 25.
cxd4 Re7 26. Qd3 Rg7 27. Rxe6 Ne4 28. Rxe4 dxe4 29. Qxe4 1-0

[Event "Early-Titled-Tuesday-Blitz-January-30-2024"]
[Site "Chess.com"]
[Date "2024.01.30"]
[Round "11"]
[White "chessdjw"]
[Black "ViIIagra"]
[Result "0-1"]
[WhiteElo "2737"]
[BlackElo "2968"]
[TimeControl "180+1"]
[EndTime "10:11:34 PST"]
[Termination "ViIIagra won by checkmate"]

1. d4 d6 2. Nf3 Nf6 3. c4 g6 4. Nc3 Bf5 5. h3 Ne4 6. Qb3 Nxc3 7. Qxc3 Bg7 8. Bg5 O-O 9. e3 h6 10. Bh4 c5 11. Be2 Nc6 12. O-O g5 13. Bg3 Be4 14. Rfd1 Rc8 15. Rac1 f5 16. Qe1 f4 17. exf4 gxf4 18.
Bh4 cxd4 19. Bd3 Bxd3 20. Qe6+ Rf7 21. Rxd3 Ne5 22. Rb3 Qd7 23. Qxd7 Nxd7 24. Rxb7 e5 25. Nd2 Nc5 26. Rxf7 Kxf7 27. b4 Nd3 28. Rb1 Ke6 29.
Kf1 d5 30. c5 e4 31. Ke2 Ne5 32. Nb3 d3+ 33. Kd1 Nc4 34. b5 e3 35. fxe3 fxe3 36.
Be1 Bb2 37. Bb4 e2+ 38. Ke1 Rf8 39. Rxb2 Rf1# 0-1

[Event "Early-Titled-Tuesday-Blitz-January-30-2024"]
[Site "Chess.com"]
[Date "2024.01.30"]
[Round "11"]
[White "Zq1"]
[Black "elgrona"]
[Result "1-0"]
[WhiteElo "2498"]
[BlackElo "2308"]
[TimeControl "180+1"]
[EndTime "10:11:37 PST"]
[Termination "Zq1 won on time"]

1. d4 d5 2. c4 c6 3. cxd5 cxd5 4. Bg5 Nc6 5. e3 h6 6. Bh4 g5 7. Bg3 Bg7 8. Nc3 e6 9. h4 Qb6 10. Qd2 Nge7 11. hxg5 hxg5 12. Rxh8+ Bxh8 13. Nf3 Nf5 14. Nxg5 Nxg3 15. fxg3 Bd7 16. Rc1 Rc8 17. Be2 Bf6 18.
Nf3 Na5 19. Kf2 Nc4 20. Bxc4 Rxc4 21. g4 Qc7 22. g5 Be7 23. Ne5 Bxg5 24. Nxc4 dxc4 25.
Ne4 Be7 26. Rh1 Bc6 27. Rh8+ Bf8 28. d5 exd5 29. Nf6+ Ke7 30. Nxd5+ Bxd5 31. Qxd5 Bg7 32. Qe4+ Qe5 33. Qxb7+ Kf6 34. Rh4 Kg6 35. Qe4+ 1-0

[Event "Early-Titled-Tuesday-Blitz-January-30-2024"]
[Site "Chess.com"]
[Date "2024.01.30"]
[Round "11"]
[White "Viktor_Poddubnyi"]
[Black "Jojo_898"]
[Result "0-1"]
[WhiteElo "2301"]
[BlackElo "2438"]
[TimeControl "180+1"]
[EndTime "10:11:37 PST"]
[Termination "Jojo_898 won by resignation"]

1. e4 d6 2. d4 Nf6 3. Nc3 g6 4. g3 c6 5. a4 Bg7 6. Bg2 O-O 7.
Nge2 Nbd7 8. h3 e5 9. O-O Qc7 10. g4 Nb6 11. b3 Rd8 12. a5 Nbd7 13.
Be3 Nf8 14. f4 exd4 15. Nxd4 Re8 16. f5 d5 17. Bf4 Qd8 18. e5 Ne4 19. Nxe4 dxe4 20. f6 Bh8 21. Qe2 Qxd4+ 22. Kh1 Ne6 23. Bg3 Ng5 24. Rad1 Qb4 25. Qe3 h6 26. h4 Nf3 27. c3 Qxa5 28. Qxe4 Nxe5 29. Rde1 Bxg4 30. Bxe5 h5 31. Qxg6+ fxg6 32. f7+ Kh7 0-1

[Event "Early-Titled-Tuesday-Blitz-January-30-2024"]
[Site "Chess.com"]
[Date "2024.01.30"]
[Round "11"]
[White "agvega14"]
[Black "ljuks68"]
[Result "1-0"]
[WhiteElo "2189"]
[BlackElo "2419"]
[TimeControl "180+1"]
[EndTime "10:11:39 PST"]
[Termination "agvega14 won by resignation"]

1. e4 e6 2. Nf3 d5 3. e5 c5 4. b4 Nc6 5. bxc5 d4 6. Bd3 Bxc5 7.
O-O Nge7 8. Re1 Ng6 9. Na3 a6 10. c3 b5 11. Nc2 dxc3 12. dxc3 Bb7 13. Qe2 O-O 14. Bg5 Qb6 15. h4 h6 16. Bd2 Nge7 17.
h5 Rad8 18. Rad1 Bxf2+ 19. Kh1 Bxe1 20. Bxe1 Nf5 21. Bf2 Qc7 22. Ncd4 Ncxd4 23. cxd4 Qe7 24. Kg1 Bd5 25. Rc1 Qb7 26. Nh4 Nxh4 27. Bxh4 Rc8 28. Rf1 Rc3 29. Bb1 Rfc8 30. Qg4 Kh8 31. Kh2 Rc1 32. Rxc1 Rxc1 33. Bd3 Rc3 34. Bf6 1-0

[Event "Early-Titled-Tuesday-Blitz-January-30-2024"]
[Site "Chess.com"]
[Date "2024.01.30"]
[Round "11"]
[White "Klavdia_Nik"]
[Black "SmirnovTimofey2000"]
[Result "1-0"]
[WhiteElo "2133"]
[BlackElo "1945"]
[TimeControl "180+1"]
[EndTime "10:11:41 PST"]
[Termination "Klavdia_Nik won by checkmate"]

1. Nf3 d5 2. c4 c6 3. b3 Nf6 4.
Bb2 e6 5. g3 Be7 6. Bg2 O-O 7.
O-O Nbd7 8. d3 a5 9. a3 b5 10.
Nbd2 Bb7 11. Qc2 Rc8 12. Rad1 Qb6 13. e4 dxe4 14. dxe4 Rfd8 15. e5 Ne8 16. Ne4 Nc5 17. Bd4 b4 18. a4 g6 19. h4 Ng7 20. Nf6+ Kh8 21. Ng5 Rf8 22. Ngxh7 Nf5 23. Nxf8 Nxd4 24. Rxd4 Bxf8 25. Rg4 Be7 26. Rxg6 Bxf6 27. Rxf6 Kg7 28. Qe2 Rg8 29. Qh5 Nd7 30. Qh6# 1-0

[Event "Early-Titled-Tuesday-Blitz-January-30-2024"]
[Site "Chess.com"]
[Date "2024.01.30"]
[Round "11"]
[White "falzehope0"]
[Black "santosalberto1987"]
[Result "0-1"]
[WhiteElo "2379"]
[BlackElo "2526"]
[TimeControl "180+1"]
[EndTime "10:11:42 PST"]
[Termination "santosalberto1987 won on time"]

1. d4 Nf6 2. e3 d6 3. Bd3 e5 4. f4 Nbd7 5. Ne2 g6 6. O-O Bg7 7. Ng3 O-O 8. c3 b6 9. f5 Bb7 10. Nd2 Qe7 11. Qc2 exd4 12. exd4 Ng4 13. Nf3 Ne3 14. Bxe3 Qxe3+ 15. Kh1 Rae8 16. Bb5 Qe7 17. Qa4 Bc8 18. Qxa7 Qd8 19. fxg6 hxg6 20. a4 Re3 21. Bc6 Nf6 22. d5 Ng4 23. Kg1 Ne5 24. Nd4 Ng4 25. Rf3 Qh4 26. Nf1 Bxd4 27. Nxe3 Bxe3+ 0-1

[Event "Early-Titled-Tuesday-Blitz-January-30-2024"]
[Site "Chess.com"]
[Date "2024.01.30"]
[Round "11"]
[White "Sjakkerntobi"]
[Black "CarlosjPineror"]
[Result "0-1"]
[WhiteElo "2516"]
[BlackElo "2682"]
[TimeControl "180+1"]
[EndTime "10:11:43 PST"]
[Termination "CarlosjPineror won by checkmate"]

1. e4 c5 2. Nf3 e6 3. d4 cxd4 4. Nxd4 a6 5. c4 Qc7 6. Nc3 Nf6 7. a3 d6 8. Be2 Be7 9. O-O Nbd7 10. b4 b6 11. f4 Bb7 12. Qd3 Rc8 13. Bb2 O-O 14. g4 Qb8 15. g5 Ne8 16. Qh3 Nc7 17. Bd3 g6 18. Qh6 e5 19. Rf3 f6 20. Rh3 Rf7 21. Nf3 exf4 22. Nd5 Nxd5 23. exd5 Ne5 24. Nxe5 fxe5 25.
Bxg6 Rg7 26. Bxh7+ Kf8 27. Bf5 Bxg5 28. Qh5 Re8 29. Kh1 Ke7 30. Rg1 Reg8 31. Be6 Qf8 32. Bxg8 Qxg8 33. Qf3 b5 34. Bxe5 dxe5 35. Rxg5 Rxg5 36.
d6+ Kd8 37. Qxb7 Rg1# 0-1

[Event "Early-Titled-Tuesday-Blitz-January-30-2024"]
[Site "Chess.com"]
[Date "2024.01.30"]
[Round "11"]
[White "yaguigor"]
[Black "Xsu11"]
[Result "1-0"]
[WhiteElo "2544"]
[BlackElo "2326"]
[TimeControl "180+1"]
[EndTime "10:11:43 PST"]
[Termination "yaguigor won on time"]

1. Nf3 Nf6 2. c4 g6 3. Nc3 Bg7 4. e4 O-O 5. d4 a6 6. h3 c5 7. d5 b5 8. cxb5 axb5 9. Bxb5 Ba6 10. Bxa6 Nxa6 11. e5 Ne8 12. O-O d6 13. Re1 Nac7 14. Bg5 dxe5 15. Be3 Ra5 16. Nd2 Nf6 17. Nc4 Ra6 18.
Bxc5 Nfxd5 19. Nxd5 Nxd5 20. Nxe5 Qa8 21. a3 Rd8 22.
Qf3 Rf6 23. Qb3 Re6 24. Nc4 Rb8 25. Qc2 Rxe1+ 26. Rxe1 e6 27. Bd6 Rc8 28. Qb3 Qa6 29. Rc1 Bd4 30. Rc2 g5 31. Bg3 h6 32.
h4 1-0

[Event "Early-Titled-Tuesday-Blitz-January-30-2024"]
[Site "Chess.com"]
[Date "2024.01.30"]
[Round "11"]
[White "ChessSwole"]
[Black "Happy1712Drummer"]
[Result "1-0"]
[WhiteElo "2594"]
[BlackElo "2415"]
[TimeControl "180+1"]
[EndTime "10:11:44 PST"]
[Termination "ChessSwole won on time"]

1. e4 c5 2. Nf3 e6 3. c3 Nf6 4. e5 Nd5 5. d4 cxd4 6. cxd4 d6 7.
Bc4 Nc6 8. O-O Be7 9. Qe2 O-O 10. Nc3 Nxc3 11. bxc3 dxe5 12. dxe5 Qa5 13. Bd2 Rd8 14. Rad1 Bd7 15. Qe4 Be8 16. h4 h5 17. Rfe1 Rac8 18.
Bd3 g6 19. Bb1 Qd5 20. Qf4 Na5 21. Be4 Qc4 22. Qh6 Bf8 23. Qg5 Nc6 24. Bb1 Qg4 25. Qe3 b6 26. Qe2 Bc5 27. Bg5 Rxd1 28. Rxd1 Na5 29.
Bf6 Nc4 30. Be4 b5 31. a4 a6 32. Bb7 Rb8 33. Bxa6 1-0

[Event "Early-Titled-Tuesday-Blitz-January-30-2024"]
[Site "Chess.com"]
[Date "2024.01.30"]
[Round "11"]
[White "NM_Antelacus"]
[Black "Quattroporte300"]
[Result "0-1"]
[WhiteElo "2240"]
[BlackElo "2379"]
[TimeControl "180+1"]
[EndTime "10:11:47 PST"]
[Termination "Quattroporte300 won by resignation"]

1. e4 c5 2. Nf3 d6 3. c3 d5 4.
exd5 Qxd5 5. d4 Nf6 6. Be2 e6 7. O-O Be7 8. Na3 O-O 9. c4 Qd8 10. Nb5 a6 11. Nc3 cxd4 12. Qxd4 Qxd4 13. Nxd4 Rd8 14.
Be3 e5 15. Nf3 Nc6 16. Rfd1 Bf5 17. Nd5 Nxd5 18. cxd5 Nb4 19. Bc4 Nc2 20. Rac1 Nxe3 21. fxe3 Bd6 22. Bb3 Kf8 23. Nd2 b5 24. Kf2 Ke7 25.
h3 h5 26. Nf3 Rac8 27. Ke2 f6 28. a3 g5 29. Kd2 Be4 30. Rxc8 Rxc8 31. Rc1 Rxc1 32.
Kxc1 Bc5 33. Kd2 Kd6 34. Bd1 Bxd5 35. Ne1 h4 36. Bg4 a5 37. Ke2 Be4 38. Bf3 Kd5 39. Nd3 Bb6 40. b3 f5 41. Kd2 Bxf3 42. gxf3 e4 43. Ne1 a4 44. bxa4 bxa4 45. Ke2 Bc5 46. Nc2 Kc4 47. fxe4 fxe4 48. Kd2 Kb3 49. Nd4+ Bxd4 50.
exd4 Kc4 51. Ke3 Kd5 0-1

[Event "Early-Titled-Tuesday-Blitz-January-30-2024"]
[Site "Chess.com"]
[Date "2024.01.30"]
[Round "11"]
[White "Practical-Play"]
[Black "LangesNasenhaar"]
[Result "0-1"]
[WhiteElo "2590"]
[BlackElo "2458"]
[TimeControl "180+1"]
[EndTime "10:11:49 PST"]
[Termination "LangesNasenhaar won by resignation"]

1. e4 g6 2. d4 Bg7 3. Nc3 c6 4.
Nf3 d5 5. Bd3 dxe4 6. Nxe4 Nd7 7. Qe2 Qc7 8. h4 Ngf6 9. h5 Nxh5 10. Rxh5 gxh5 11. Nfg5 Nf6 12. Bc4 e6 13. Nxf6+ Bxf6 14. Qxh5 h6 15. Ne4 Bxd4 16. Bxh6 Qe5 17. Qxe5 Bxe5 18.
Be3 Rh1+ 19. Bf1 f5 20. Nc5 Bxb2 21. Rd1 Bc3+ 22. Ke2 b6 23. Nd3 Ba6 24. Kf3 O-O-O 25. Bf4 e5 26. Nxe5 Bxf1 27. Rc1 Bxe5 28. Re1 Bxg2+ 29.
Kxg2 Rxe1 30. Bg5 Rg8 0-1

[Event "Early-Titled-Tuesday-Blitz-January-30-2024"]
[Site "Chess.com"]
[Date "2024.01.30"]
[Round "11"]
[White "Sofia_Blokhin"]
[Black "NtcPou"]
[Result "1-0"]
[WhiteElo "2233"]
[BlackElo "2063"]
[TimeControl "180+1"]
[EndTime "10:11:51 PST"]
[Termination "Sofia_Blokhin won by resignation"]

1. d4 d5 2. c4 c6 3. Nc3 Nf6 4. e3 a6 5. c5 Bf5 6. Bd3 Bxd3 7.
Qxd3 Nbd7 8. f4 e6 9. Nf3 b6 10. b4 a5 11. bxa5 bxc5 12. O-O Qxa5 13. Bd2 Qa6 14.
Qc2 cxd4 15. Nxd4 Be7 16. Kh1 O-O 17. e4 c5 18. Nf3 d4 19. Nd1 d3 20. Qc1 Nxe4 21.
Nc3 Nxc3 22. Bxc3 Bf6 23. Ne5 Nxe5 24. fxe5 Be7 25. Qe3 Qc4 26. Rac1 Rxa2 27. Qh3 Qd5 28. Rcd1 c4 29. Rf4 Rc2 30. Ba1 Ra8 31. Qg4 Raa2 32.
Rg1 d2 33. Rd4 Qxe5 34. Rd8+ Bxd8 35. Bxe5 f6 36. Qxe6+ Kf8 37. Bd6+ 1-0

[Event "Early-Titled-Tuesday-Blitz-January-30-2024"]
[Site "Chess.com"]
[Date "2024.01.30"]
[Round "11"]
[White "GianmarcoVaR"]
[Black "averageFM"]
[Result "0-1"]
[WhiteElo "2692"]
[BlackElo "2596"]
[TimeControl "180+1"]
[EndTime "10:11:52 PST"]
[Termination "averageFM won by resignation"]

1. d4 Nf6 2. Nf3 e6 3. e3 d5 4. Bd3 Bd6 5. O-O O-O 6. b3 b6 7.
Bb2 c5 8. Nbd2 Bb7 9. Ne5 Nc6 10. Qe2 Nb4 11. c4 Nxd3 12. Qxd3 Bxe5 13. dxe5 dxc4 14. Qxd8 Rfxd8 15. Nxc4 Ne4 16. Rfd1 Ba6 17. f3 Bxc4 18. bxc4 Nd2 19. Rac1 Nxc4 20. Rxd8+ Rxd8 21. Rxc4 Rd1+ 22. Kf2 Rd2+ 23. Kg3 Rxb2 24. Ra4 a5 25. Ra3 Kf8 26.
Rd3 Rxa2 27. Rd8+ Ke7 28. Rb8 Rb2 29. Rb7+ Ke8 30. Rb8+ Kd7 31. Rb7+ Kc6 32. Rxf7 c4 33. Re7 c3 34. Rxe6+ Kd5 35. Re8 c2 36. e4+ Kd4 37.
Rc8 Kxe5 0-1

[Event "Early-Titled-Tuesday-Blitz-January-30-2024"]
[Site "Chess.com"]
[Date "2024.01.30"]
[Round "11"]
[White "KhazhatulyAlikhan"]
[Black "NelsonLinda"]
[Result "0-1"]
[WhiteElo "2413"]
[BlackElo "2578"]
[TimeControl "180+1"]
[EndTime "10:11:52 PST"]
[Termination "NelsonLinda won by resignation"]

1. e4 g6 2. d4 Nf6 3. e5 Nh5 4. Be2 d6 5. Bxh5 gxh5 6. Qxh5 dxe5 7. dxe5 Nc6 8. Nc3 Nd4 9. Qd1 Bf5 10. Be3 Nxc2+ 11.
Ke2 Nxa1 12. Qxa1 Qd3+ 13. Ke1 O-O-O 14. Nge2 e6 15. Qc1 Bb4 16. f3 h5 17. Kf2 Qc4 18.
a3 Ba5 19. Bxa7 c6 20. b4 Bc7 21.
f4 b6 22. Qe3 Kb7 23. Rc1 Qd3 24. Qxd3 Rxd3 25. Na4 Kxa7 26. g3 Rxa3 27. Nb2 Kb7 28. Nc4 Ra2 29. Rd1 Bg4 30. Rd7 Rxe2+ 31. Kf1 Ra8 32.
Nd6+ Kb8 33. Rd8+ Bxd8 0-1

[Event "Early-Titled-Tuesday-Blitz-January-30-2024"]
[Site "Chess.com"]
[Date "2024.01.30"]
[Round "11"]
[White "GOGIEFF"]
[Black "MagnusCarlsen"]
[Result "0-1"]
[WhiteElo "3009"]
[BlackElo "3302"]
[TimeControl "180+1"]
[EndTime "10:11:53 PST"]
[Termination "MagnusCarlsen won by resignation"]

1. d4 Nf6 2. c4 e6 3. Nf3 d5 4.
Nc3 Be7 5. Bf4 O-O 6. e3 c5 7. dxc5 Bxc5 8. Be2 dxc4 9. Bxc4 a6 10. O-O b5 11. Be2 Bb7 12. Rc1 Nbd7 13. Bd6 Bxd6 14. Qxd6 Qb6 15. Rfd1 Rac8 16. a3 Qxd6 17. Rxd6 Nc5 18.
Rcd1 Nfe4 19. Nxe4 Nxe4 20. Rb6 Rc7 21. Nd4 Rfc8 22.
f3 Nc5 23. Bxb5 axb5 24. Nxb5 Na4 25. Rbd6 Rc1 26. b4 Kf8 27. Kf2 Rxd1 28. Rxd1 Ke7 29. Rd2 Ba6 30. Nd4 Rc3 31. e4 g6 32. e5 Nb6 33. a4 Nc4 34. Ra2 Nxe5 35. b5 Bb7 36. a5 Bd5 37. Ra1 Rd3 38. Ne2 Bc4 39. a6 Rd2 40. a7 Rxe2+ 41. Kg3 Bd5 42. b6 Nd7 0-1

[Event "Early-Titled-Tuesday-Blitz-January-30-2024"]
[Site "Chess.com"]
[Date "2024.01.30"]
[Round "11"]
[White "TokChess"]
[Black "diamonds13"]
[Result "0-1"]
[WhiteElo "2529"]
[BlackElo "2386"]
[TimeControl "180+1"]
[EndTime "10:11:54 PST"]
[Termination "diamonds13 won by resignation"]

1. d4 Nf6 2. Bg5 Ne4 3. Bf4 c5 4. f3 Nf6 5. d5 d6 6. Nc3 g6 7. e4 Bg7 8. a4 O-O 9. Qd2 e6 10. dxe6 Bxe6 11. Bxd6 Nc6 12. Bb5 Nd4 13. Bxc5 Nh5 14.
Bxd4 Bxd4 15. Nge2 Be5 16. Qxd8 Rfxd8 17. Bd3 Rd7 18. O-O Nf4 19. Nxf4 Bxf4 20. Kf2 h5 21. g3 Be5 22. Ke2 Rc8 23. Ra3 a6 24. Rd1 Bd6 25.
Raa1 Be5 26. Ra3 Bd6 27. Rb3 Bxb3 28. cxb3 Be5 29. Nd5 Rxd5 30. exd5 Bxb2 31. Bc4 Re8+ 32. Kf2 Ba3 33. d6 Rd8 34. d7 Bc5+ 35. Ke2 a5 36.
f4 Kf8 37. Kf3 Ke7 38. h3 f6 39. Bb5 g5 40. fxg5 fxg5 41. Re1+ Kd6 42. Rd1+ Kc7 43.
Rd5 Be7 44. Re5 Kd6 45. Rf5 h4 46. g4 Kc7 47. Ke4 Rf8 48. Kd5 Rd8 49. Ke6 Bb4 50. Rf3 Bc5 51. Rf2 Bxf2 0-1

[Event "Early-Titled-Tuesday-Blitz-January-30-2024"]
[Site "Chess.com"]
[Date "2024.01.30"]
[Round "11"]
[White "ChainedDowntohell"]
[Black "Balla_Tamas"]
[Result "1-0"]
[WhiteElo "2566"]
[BlackElo "2410"]
[TimeControl "180+1"]
[EndTime "10:11:54 PST"]
[Termination "ChainedDowntohell won by resignation"]

1. Nf3 c5 2. e4 Nc6 3. Bc4 e6 4.
O-O d5 5. Bb5 dxe4 6. Ne5 Bd7 7.
Bxc6 Bxc6 8. Nxc6 bxc6 9. Nc3 Nf6 10. Qe2 Be7 11. Nxe4 O-O 12. d3 Nxe4 13. Qxe4 Bf6 14. Rb1 Rb8 15. b3 Qa5 16. a4 Rb4 17. Qxc6 Rg4 18.
Be3 Bd4 19. Rfe1 Qd8 20. h3 Rg6 21. Qb7 a5 22. Bxd4 Qxd4 23. Qe4 Qc3 24. Qc4 Qf6 25. Qxc5 Qf3 26. g3 f5 27. Qe3 Qh5 28. Kh2 Rh6 29. h4 f4 30. Qe2 f3 31. Qe5 Rf5 32. Qb8+ Kf7 33. Re4 g5 34. Rbe1 gxh4 35. Rxh4 Qg5 36. Qc7+ Kg6 37. Rxe6+ Rf6 38. Rxf6+ Qxf6 39. Rxh6+ Kxh6 40.
Qf4+ Qxf4 41. gxf4 Kg6 42. Kg3 Kf5 43. Kxf3 h5 44.
c3 h4 45. b4 axb4 46. cxb4 h3 47. a5 Ke6 48. Kg3 1-0

[Event "Early-Titled-Tuesday-Blitz-January-30-2024"]
[Site "Chess.com"]
[Date "2024.01.30"]
[Round "11"]
[White "GothamChess"]
[Black "Grossboss19"]
[Result "1-0"]
[WhiteElo "2750"]
[BlackElo "2606"]
[TimeControl "180+1"]
[EndTime "10:11:55 PST"]
[Termination "GothamChess won by checkmate"]

1. d4 d5 2. Bg5 h6 3. Bh4 Nd7 4. e3 Ngf6 5. Nd2 e6 6. Bd3 Be7 7. c3 O-O 8. Bxf6 Bxf6 9. f4 Be7 10. g4 c5 11. Ngf3 f6 12. Qe2 e5 13. dxe5 fxe5 14. fxe5 Bh4+ 15. Kd1 c4 16. Bf5 Nc5 17. Nd4 g6 18. Rg1 Kh8 19. e6 Qf6 20. N2f3 Qe7 21. Ne5 Rg8 22. Nxg6+ Rxg6 23. Bxg6 Bxe6 24. b4 Na4 25. Kd2 Bd7 26. Bf5 Be8 27. Bc2 Bg5 28. h4 Bf6 29. g5 Bxd4 30. exd4 Qxe2+ 31. Kxe2 Nxc3+ 32. Kd2 Nb5 33. Rg4 Bd7 34. Rf4 Re8 35. gxh6 Nd6 36. Raf1 Bb5 37. Rf8+ Rxf8 38. Rxf8# 1-0

[Event "Early-Titled-Tuesday-Blitz-January-30-2024"]
[Site "Chess.com"]
[Date "2024.01.30"]
[Round "11"]
[White "Akylbek2021"]
[Black "Talent-OF-Slovenia"]
[Result "1-0"]
[WhiteElo "2309"]
[BlackElo "2460"]
[TimeControl "180+1"]
[EndTime "10:11:55 PST"]
[Termination "Akylbek2021 won by resignation"]

1. d4 d5 2. c4 c6 3. Nf3 Nf6 4. g3 Bf5 5. Bg2 e6 6. O-O Be7 7. b3 Nbd7 8. Bb2 O-O 9. Nbd2 a5 10. Nh4 Bg6 11. Nxg6 hxg6 12. e4 dxe4 13. Nxe4 Nxe4 14. Bxe4 a4 15. Re1 Bb4 16. Re2 a3 17. Bc1 Nf6 18. Bf3 Bc3 19. Rb1 Qxd4 20. Qxd4 Bxd4 21. b4 Rfd8 22.
Rb3 Ra4 23. Rd2 e5 24. Bxa3 e4 25. Be2 e3 26. Rdd3 exf2+ 27. Kf1 b6 28. Bb2 c5 29.
bxc5 bxc5 30. Ra3 Rxa3 31. Bxa3 Ra8 32. Bd1 Ne4 33. Bf3 Nc3 34. Bxa8 Nd1 35. Bc1 f5 36. Bf3 Nc3 37. Rxd4 cxd4 38. Kxf2 Kf7 39. c5 Ke7 40. a3 Kd7 41. Bf4 Na4 42. c6+ Kc8 43. Be5 1-0